 Dungeon Crawl Stone Soup version 0.29-a0-998-g1987434951 (webtiles) character file.

Game seed: 13545342952421276070

327 BritishOli the Slasher (level 6, 0/47 HPs)
             Began as a Demonspawn Gladiator on Aug 5, 2022.
             Succumbed to an adder's poison
             ... on level 4 of the Dungeon.
             The game lasted 00:03:36 (3705 turns).

BritishOli the Slasher (Demonspawn Gladiator)       Turns: 3705, Time: 00:03:37

Health: 0/47       AC:  9    Str: 16    XL:     6   Next: 24%
Magic:  15/15      EV: 12    Int: 15    God:
Gold:   105        SH:  0    Dex: 15    Spells: 5/5 levels left

rFire   . . .      SeeInvis .   a - +0 long sword
rCold   . . .      Faith    .   (no shield)
rNeg    + . .      Spirit   .   k - +0 ring mail "Jiuheg" {rN+ MP+9 Int+6}
rPois   .          Reflect  .   c - +0 helmet
rElec   .          Harm     .   (no cloak)
rCorr   .          Rampage  .   (no gloves)
Will    .....                   (no boots)
Stlth   +.........              (no amulet)
HPRegen 0.15/turn               (no ring)
MPRegen 0.14/turn               (no ring)

@: lethally poisoned (0 -> -1)
A: molten scales 2
a: no special abilities


You were on level 4 of the Dungeon.
You visited 1 branch of the dungeon, and saw 4 of its levels.

You collected 105 gold pieces.

Inventory:

Hand Weapons
 a - a +0 long sword (weapon)
Missiles
 d - 3 throwing nets (quivered)
 e - a javelin
Armour
 c - a +0 helmet (worn)
 k - the +0 ring mail "Jiuheg" (worn) {rN+ MP+9 Int+6}
   (You found it on level 2 of the Dungeon)

   Int:       It affects your intelligence (+6).
   rN:        It protects you from negative energy.
   MP:        It affects your magic capacity (+9).
Scrolls
 b - 2 scrolls of teleportation {unknown}
 f - a scroll of amnesia {unknown}
 i - 2 scrolls of immolation {unknown}
 l - a scroll of summoning {unknown}
 m - a scroll of identify {unknown}
 o - a scroll of enchant armour {unknown}
 q - a scroll of torment {unknown}
Potions
 g - 3 potions of lignification {unknown}
 h - a potion of ambrosia {unknown}
 j - a potion of flight {unknown}
 n - a potion of attraction {unknown}
 p - a potion of heal wounds {unknown}


   Skills:
 + Level 3.6 Fighting
 + Level 4.0 Long Blades
 + Level 3.3 Throwing
 + Level 3.9 Dodging


You had 5 spell levels left.
You didn't know any spells.
Your spell library contained the following spells:

 Spells                   Type           Power      Damage    Failure   Level
 Confusing Touch          Hex            0%         N/A       83%         3
 Yara's Violent Unravell  Hex/Tmut       0%         3d3       100%        5
 Enfeeble                 Hex            0%         N/A       100%        7


Dungeon Overview and Level Annotations

Branches:
Dungeon (4/15)
 Temple: D:4-7

Altars:

Shops:
D:3 :


Innate Abilities, Weirdness & Mutations

You are mostly covered in molten scales. (AC +3)


Message History

The adder poisons you!
The adder bites you but does no damage. x2
You hit the adder.
The adder is heavily wounded.
You feel sick. The adder barely misses you.
The adder bites you but does no damage. The adder closely misses you. x2
You hit the adder.
The adder is almost dead.
You feel sick. The adder bites you but does no damage. The adder misses you.
The adder bites you.
You are more poisoned.
The adder poisons you!
You are too injured to fight recklessly!
You are too injured to fight recklessly!
You are too injured to fight recklessly!
You are too injured to fight recklessly!
You are too injured to fight recklessly!
You are too injured to fight recklessly!
Unknown command.
You hit the adder.
You kill the adder!
You feel very sick. The adder bites you. The worm misses you.
The adder closely misses you.
Your Long Blades skill increases to level 4!
You hit the adder but do no damage.
You feel sick. The adder bites you but does no damage.
You closely miss the adder.
You feel sick. The adder closely misses you. The worm closely misses you.
The adder bites you but does no damage.
You hit the adder.
The adder is lightly wounded.
You feel sick. The adder barely misses you. The worm misses you.
You hit the adder.
The adder is moderately wounded.
You feel sick. The adder misses you. The adder bites you but does no damage.
You closely miss the adder.
The adder is moderately wounded.
You feel sick. The adder closely misses you. The worm bites you!
* * * LOW HITPOINT WARNING * * *
You hit the adder.
The adder is severely wounded.
You die...

......
......####
..........
.........#####
.............
...........####
......)†.......
.......@S..#
(.......w..#
.........<.#
......$...##
...!.....##
##########


You could see a worm and an adder.

Vanquished Creatures
  2 scorpions
  A howler monkey (D:4)
  Natasha (twice) (D:3)
  5 adders
  2 worms
  7 ball pythons
  10 endoplasms
  2 giant cockroaches
  8 goblins
  12 hobgoblins
  3 kobolds (D:3)
  A quokka (D:1)
  8 bats
  3 frilled lizards
  4 rats
70 creatures vanquished.

Notes
Turn   | Place    | Note
-------+----------+-------------------------------------------
     0 | D:1      | BritishOli the Demonspawn Gladiator began the quest for the
                  | Orb.
     0 | D:1      | Reached XP level 1. HP: 16/16 MP: 1/1
   256 | D:1      | Gained mutation: You are partially covered in molten
                  | scales. (AC +2) [demonic ancestry]
   256 | D:1      | Reached XP level 2. HP: 22/22 MP: 2/2
   908 | D:2      | Identified the +0 ring mail "Jiuheg" {rN+ MP+9 Int+6}
  1007 | D:2      | Reached skill level 3 in Long Blades
  1116 | D:2      | Reached XP level 3. HP: 27/28 MP: 3/3
  2183 | D:2      | Reached XP level 4. HP: 34/34 MP: 4/4
  2570 | D:3      | Found Uqazeist's Vocational Training.
  2627 | D:3      | Identified the +0 helmet of Beru {rPois Regen+ Str+7 Int-5}
  2944 | D:3      | Noticed a scorpion
  2956 | D:3      | Killed a scorpion
  2957 | D:3      | Reached XP level 5. HP: 35/41 MP: 5/5
  3309 | D:3      | Noticed Natasha
  3317 | D:3      | Killed Natasha
  3391 | D:3      | Noticed Natasha
  3401 | D:3      | Killed Natasha
  3693 | D:4      | Gained mutation: You are mostly covered in molten scales.
                  | (AC +3) [demonic ancestry]
  3693 | D:4      | Reached XP level 6. HP: 32/47 MP: 6/6
  3700 | D:4      | Reached skill level 4 in Long Blades
  3704 | D:4      | HP: 1/47 [worm (8)]
  3705 | D:4      | Succumbed to an adder's poison

Illustrated notes

Levels and vault maps discovered:
D:1:      minmay_arrival_hallway, layout_loops_ring, dk_noncrumbling_4
D:2:      layout_basic, grunt_decor_mini_mirrors
D:3:      layout_loops_ring, grunt_ministairs_4,
          amcnicky_mini_rare_corridor_liquid, nicolae_shop_vocational,
          uniq_natasha
D:4:      layout_rooms

Skill      XL: |  1  2  3  4  5  6 |
---------------+-------------------+-----
Throwing       | 2 3 |  3.3
Dodging        | 3 |  3.9
Long Blades    | 3 4 |  4.0
Fighting       | 3 |  3.6

Action                   |  1- 3 |  4- 6 || total
-------------------------+-------+-------++-------
Melee: Long sword        |   156 |   130 ||   286
  Use: Potion            |     1 |       ||     1
Armor: Leather armour    |    30 |       ||    30
       Ring mail         |    58 |    63 ||   121
Dodge: Dodged            |   131 |   113 ||   244

Table legend: (Time is in decaauts)
 A = Elapsed time spent in this place.
 B = Non-inter-level travel time spent in this place.
 C = Inter-level travel time spent in this place.
 D = Time resting spent in this place.
 E = Time spent auto-exploring this place.
 F = Levels seen in this place.
 G = Mean time per level.
                   A        B        C        D        E       F      G
               +--------+--------+--------+--------+--------+-----+--------+
         Total |   3771 |   3631 |    140 |    391 |   2675 |   4 |  942.8 |
       Dungeon |   3771 |   3631 |    140 |    391 |   2675 |   4 |  942.8 |
               +--------+--------+--------+--------+--------+-----+--------+

Top non-repeatable levels by time:
     D:3: 1411 daAuts
     D:2: 1398 daAuts
     D:1: 918 daAuts
     D:4: 42 daAuts
